 Dungeon Crawl Stone Soup version 0.30-a0-23-ge60ba3568b (webtiles) character file.

Game seed: 17589385041041017187

755 purpskrrrp the Shield-Bearer (level 7, -10/41 HPs)
             Began as a Gargoyle Fighter on Aug 25, 2022.
             Was an Initiate of Gozag.
             Killed from afar by a gargoyle (21 damage)
             ... with a stone arrow
             ... on level 6 of the Dungeon.
             The game lasted 00:11:50 (6315 turns).

purpskrrrp the Shield-Bearer (Gargoyle Fighter)     Turns: 6315, Time: 00:11:52

Health: -10/41     AC: 20    Str: 27    XL:     7   Next: 79%
Magic:  7/7        EV:  9    Int:  9    God:    Gozag
Gold:   266        SH:  6    Dex: 15    Spells: 6/6 levels left

rFire   . . .      SeeInvis .    q - +2 flail (protect)
rCold   . . .      Faith    .    c - +0 buckler
rNeg    + . .      Spirit   .    b - +0 scale mail
rPois   ∞          Reflect  .    (no helmet)
rElec   +          Harm     .    k - +0 cloak
rCorr   .          Rampage  .    (no gloves)
Will    .....                    (no boots)
Stlth   ..........               y - amulet of regeneration
HPRegen 0.93/turn                h - +6 ring of dexterity
MPRegen 0.10/turn                n - +6 ring of strength

@: under a protective aura
A: sickness immunity, AC +4, negative energy resistance 1, electricity
resistance, torment resistance 1, petrification resistance
a: Renounce Religion, Potion Petition, Call Merchant, Bribe Branch


You were on level 6 of the Dungeon.
You worshipped Gozag.
Gozag was aware of your devotion.
You visited 2 branches of the dungeon, and saw 7 of its levels.

You collected 328 gold pieces.
You paid 62 gold pieces to Gozag.

Inventory:

Hand Weapons
 a - a +0 flail
 q - a +2 flail of protection (weapon)
Armour
 b - a +0 scale mail (worn)
 c - a +0 buckler (worn)
 k - a +0 cloak (worn)
Jewellery
 h - a +6 ring of dexterity (left hand)
 n - a +6 ring of strength (right hand)
 y - an amulet of regeneration (around neck)
 A - a ring of wizardry
Wands
 x - a wand of quicksilver (3)
Scrolls
 d - 4 scrolls of identify {unknown}
 j - 3 scrolls of teleportation {unknown}
 m - 2 scrolls of brand weapon {unknown}
 o - 3 scrolls of fear {unknown}
 t - a scroll of vulnerability {unknown}
 u - a scroll of silence {unknown}
 v - a scroll of noise {unknown}
 B - a scroll of amnesia {unknown}
Potions
 e - 2 potions of curing
 f - a potion of mutation {unknown}
 g - 2 potions of heal wounds {unknown}
 i - a potion of attraction {unknown}
 l - 2 potions of lignification {unknown}
 p - a potion of experience {unknown}
 r - 3 potions of might
 s - a potion of magic {unknown}
 w - a potion of invisibility {unknown}
 z - 2 potions of degeneration {unknown}


   Skills:
 - Level 3.2 Fighting
 + Level 5.2 Maces & Flails
 + Level 6.2 Armour
 + Level 6.2 Shields


You had 6 spell levels left.
You didn't know any spells.
Your spell library contained the following spells:

 Spells                   Type           Power      Damage    Failure   Level
 Sting                    Tmut/Pois      0%         1d3       71%         1
 Poisonous Vapours        Pois/Air       0%         N/A       85%         2
 Olgreb's Toxic Radiance  Pois           0%         N/A       100%        4
 Summon Forest            Summ/Tloc      0%         N/A       100%        5
 Summon Mana Viper        Hex/Summ       0%         N/A       100%        5
 Summon Cactus Giant      Summ           0%         N/A       100%        6


Dungeon Overview and Level Annotations

Branches:
Dungeon (6/15)             Temple (1/1) D:4

Altars:
Ashenzari
Cheibriados
Dithmenos
Elyvilon
Fedhas
Gozag
Hepliaklqana
Qazlal
Ru
Sif Muna
Trog
Vehumet
Wu Jian
Xom
Yredelemnul
Zin
The Shining One

Shops:
D:1 [   D:5 (

Annotations:
D:3 2 transporters


Innate Abilities, Weirdness & Mutations

You are immune to sickness and miasma.
Your stone body is resilient. (AC +4)
You are immune to poison.
You resist negative energy. (rN+)
You are resistant to electric shocks. (rElec)
You are resistant to unholy torment.
You are immune to petrification.


Message History

A - a ring of wizardry
Found 8 gold pieces.
Found a scroll labelled ERUAPS POASA.
An adder comes into view.
You open the large door. The adder barely misses you.
You thump the adder!
Your weapon exudes an aura of protection.
The adder is severely wounded.
The adder bites you but does no damage.
You barely miss the adder.
The adder is severely wounded.
The adder barely misses you. The adder bites you but does no damage.
You thump the adder!
You kill the adder!
You now have 258 gold pieces (gained 7).
You now have 266 gold pieces (gained 8).
B - a scroll labelled ERUAPS POASA
Found a stone staircase leading down.
A gargoyle comes into view. It is wielding a +0 flail.
The gargoyle hurls a stone arrow at you.
The stone arrow misses you.
The gargoyle hurls a stone arrow at you.
The stone arrow hits you!!
You sock the gargoyle!
Your weapon exudes an aura of protection.
The gargoyle is moderately damaged.
The gargoyle hits you but does no damage.
The gargoyle hits you with a +0 flail.
You barely miss the gargoyle.
The gargoyle is moderately damaged.
The gargoyle hits you with a +0 flail!
* * * LOW HITPOINT WARNING * * *
You hit the gargoyle but do no damage.
The gargoyle is moderately damaged.
The gargoyle hurls a stone arrow at you.
The stone arrow hits you!!
Ouch! That really hurt!
You die...
Your body crumbles into a pile of gold.

#......####..
#..........#.# .
#..........#..# ..
...........# ..## ...
...........# ...#####...
...........# #......#
...........######.....####
...........##...@9......!.
....'#.........###......#.
....'##.................>.
....###...................
.######............###....
.......######+###### ....
....... ... ....... .. $
.......


You could see a gargoyle.

Vanquished Creatures
  Edmund (D:4)
  A centaur (D:5)
  2 necrophages
  A scorpion (D:5)
  A crimson imp (D:4)
  A hound (D:5)
  2 orc priests
  Natasha (thrice) (D:4)
  An iguana (D:5)
  Ijyb (D:5)
  3 adders
  An ufetubus (D:5)
  3 worms
  3 dart slugs (D:1)
  13 orcs
  8 endoplasms
  4 goblins
  2 hobgoblins
  9 jackals
  2 quokkas
  5 ball pythons
  8 bats
  5 frilled lizards
  A goblin skeleton (D:4)
  A goblin zombie (D:4)
  4 hobgoblin zombies (D:4)
  12 kobolds
  A kobold skeleton (D:4)
  A kobold zombie (D:4)
  2 orc skeletons (D:4)
  7 rats
109 creatures vanquished.

Notes
Turn   | Place    | Note
-------+----------+-------------------------------------------
     0 | D:1      | purpskrrrp the Gargoyle Fighter began the quest for the
                  | Orb.
     0 | D:1      | Reached XP level 1. HP: 14/14 MP: 1/1
   370 | D:1      | Reached XP level 2. HP: 19/19 MP: 2/2
   716 | D:1      | Reached XP level 3. HP: 11/23 MP: 3/3
  1580 | D:1      | Found Ateadaso's Armour Shop.
  2701 | D:2      | Reached XP level 4. HP: 28/28 MP: 4/4
  2957 | D:3      | Found a transporter.
  2980 | D:3      | Found a transporter.
  3108 | D:3      | Reached XP level 5. HP: 31/32 MP: 5/5
  3259 | D:3      | Found a faded altar of an unknown god.
  3811 | D:4      | Noticed Natasha
  3814 | D:4      | Noticed Edmund
  3828 | D:4      | Killed Edmund
  3829 | D:4      | Reached skill level 5 in Shields
  3829 | D:4      | Reached XP level 6. HP: 32/37 MP: 6/6
  3832 | D:4      | Killed Natasha
  3833 | D:4      | Reached skill level 5 in Armour
  3921 | D:4      | Found a glowing golden altar of the Shining One.
  3999 | D:4      | Noticed Natasha
  4024 | D:4      | Killed Natasha
  4153 | D:4      | Noticed Natasha
  4166 | D:4      | Killed Natasha
  4357 | D:4      | Found a glowing silver altar of Zin.
  4359 | D:4      | Found a white marble altar of Elyvilon.
  4467 | D:4      | Found a staircase to the Ecumenical Temple.
  4932 | Temple   | Entered the Ecumenical Temple
  4945 | Temple   | Became a worshipper of Gozag Ym Sagoz the Greedy
  5018 | D:5      | Entered Level 5 of the Dungeon
  5038 | D:5      | Found Cakul's Antique Weapon Boutique.
  5062 | D:5      | Reached XP level 7. HP: 41/41 MP: 7/7
  5430 | D:5      | Noticed Ijyb
  5450 | D:5      | HP: 2/41 [Ijyb/+4 club (3)]
  5452 | D:5      | Killed Ijyb
  5883 | D:5      | Reached skill level 5 in Maces & Flails
  6304 | D:6      | Noticed a gargoyle
  6315 | D:6      | Killed from afar by a gargoyle

Illustrated notes

Levels and vault maps discovered:
D:1:      eino_arrival_tree_alley, layout_loops_corners, serial_shops,
          nicolae_lakefront_shop, minmay_vboxes
D:2:      layout_rooms, serial_co_window_serial, co_window_of_opportunity_a,
          co_window_corner_a, co_window_paths_b, co_window_of_opportunity_a,
          co_window_corner_a, co_window_broadway_c, co_window_paths_c,
          co_window_broadway_b, co_window_paths_c, co_window_corner_b,
          co_window_sun, co_window_4corner_b, glass_columns_a, glass_columns_b,
          glass_columns_b, nrook_mini_vaults
D:3:      gammafunk_wand_slinger, layout_loops_ring,
          shapermc_ecumenical_altar_starsandcircs
D:4:      layout_basic, nicolae_overflow_hidden_temple,
          nicolae_tso_besieged_by_evil, minmay_temple_entry_steel_oval,
          uniq_edmund, uniq_natasha
D:5:      layout_loops_ring, serial_shops, nicolae_stop_n_shop_2, uniq_ijyb
D:6:      layout_basic, okawaru_ov_weapons_minmay, serial_shops, shop,
          nrook_mini_backslash, uniq_grinder
Temple:   eino_temple_lava

Skill      XL: |  1  2  3  4  5  6  7 |
---------------+----------------------+-----
Shields        | 4 5 6 |  6.2
Armour         | 4 5 6 |  6.2
Maces & Flails | 3 4 5 |  5.2
Fighting       | |  3.2

Action                   |  1- 3 |  4- 6 |  7- 9 || total
-------------------------+-------+-------+-------++-------
Melee: Flail             |   151 |   164 |    66 ||   381
  Use: Potion            |     1 |     1 |       ||     2
 Stab: Distracted        |       |       |     1 ||     1
Armor: Scale mail        |    99 |   123 |    50 ||   272
Dodge: Dodged            |    59 |   100 |    37 ||   196
Block: Buckler           |    38 |    58 |    18 ||   114

Table legend: (Time is in decaauts)
 A = Elapsed time spent in this place.
 B = Non-inter-level travel time spent in this place.
 C = Inter-level travel time spent in this place.
 D = Time resting spent in this place.
 E = Time spent auto-exploring this place.
 F = Levels seen in this place.
 G = Mean time per level.
                   A        B        C        D        E       F      G
               +--------+--------+--------+--------+--------+-----+--------+
         Total |   6416 |   6206 |    210 |    925 |   3898 |   7 |  916.6 |
       Dungeon |   6373 |   6163 |    210 |    925 |   3898 |   6 | 1062.2 |
        Temple |     42 |     42 |      0 |      0 |      0 |   1 |   42.0 |
               +--------+--------+--------+--------+--------+-----+--------+

Top non-repeatable levels by time:
     D:1: 1679 daAuts
     D:2: 1194 daAuts
     D:4: 1182 daAuts
     D:5: 1178 daAuts
     D:3: 1006 daAuts
     D:6: 132 daAuts
  Temple: 42 daAuts
